 Dungeon Crawl Stone Soup version 0.29.1-13-g9f3cf754e1 (webtiles) character file.

Game seed: 9104277685793240713

4675 BeingJoeMalik the Summoner (level 10, -2/54 (58) HPs)
             Began as a Tengu Summoner on Feb 2, 2023.
             Was a Priest of Dithmenos.
             Slain by a wight
             ... wielding a +4 halberd
              (4 damage)
             ... on level 9 of the Dungeon.
             The game lasted 00:46:11 (9385 turns).

BeingJoeMalik the Summoner (Tengu Summoner)         Turns: 9385, Time: 00:46:12

HP:   -2/54 (58)    AC:  9    Str:  9    XL:     10   Next: 44%
MP:   28/30         EV: 12    Int: 23    God:    Dithmenos [***...]
Gold: 296           SH:  0    Dex: 15    Spells: 8/22 levels left

rFire   . . .      SeeInvis .   z - +2 sling of the Breathing Gods {venom, +Blink Int+4}
rCold   . . .      Faith    .   (no shield)
rNeg    . . .      Spirit   .   D - +2 swamp dragon scales
rPois   +          Reflect  .   (helmet restricted)
rElec   .          Harm     .   (no cloak)
rCorr   .          Rampage  .   (no gloves)
Will    .....                   (boots unavailable)
Stlth   ++........              x - amulet of magic regeneration
HPRegen 0.18/turn               n - ring of magical power
MPRegen 0.62/turn               (no ring)

@: flying quickly and evasively, wreathed by umbra, drained, quick
A: beak, talons 3, nimble flight
a: Renounce Religion, Evoke Blink, Shadow Step


You were on level 9 of the Dungeon.
You worshipped Dithmenos.
Dithmenos was most pleased with you.
You visited 2 branches of the dungeon, and saw 10 of its levels.

You collected 569 gold pieces.
You spent 273 gold pieces at shops.

Inventory:

Hand Weapons
 h - a +1 short sword of electrocution
 v - a +1 short sword of holy wrath
 z - the +2 sling of the Breathing Gods (weapon) {venom, +Blink Int+4}
   (You found it on level 3 of the Dungeon)

   Any ammunition fired from it poisons the flesh of those it strikes.
   Int:       It affects your intelligence (+4).
   +Blink:    It lets you blink.
Missiles
 c - 3 atropa-tipped darts
 u - 55 poisoned darts
Armour
 a - a +1 robe
 D - +2 swamp dragon scales (worn)
Magical Staves
 B - a staff of poison
Jewellery
 j - an amulet of the acrobat
 l - an amulet of guardian spirit
 n - a ring of magical power (left hand)
 x - an amulet of magic regeneration (around neck)
Wands
 o - a wand of charming (3)
Scrolls
 f - 3 scrolls of magic mapping
 r - a scroll of enchant armour
 s - 2 scrolls of amnesia
Potions
 b - 3 potions of magic
 d - a potion of degeneration
 e - 2 potions of mutation
 g - 2 potions of heal wounds
 i - a potion of attraction
 k - a potion of might
 m - 2 potions of curing
 p - 4 potions of brilliance
 q - a potion of resistance
 t - a potion of flight
 w - a potion of haste
 A - 2 potions of berserk rage


   Skills:
 * Level 4.9 Fighting
 - Level 2.1 Short Blades
 - Level 4.1 Ranged Weapons
 * Level 2.0 Armour
 - Level 2.1 Dodging
 - Level 2.0 Stealth
 + Level 6.7 Spellcasting
 * Level 5.3 Conjurations
 + Level 11.3 Summonings
 * Level 2.4 Ice Magic
 * Level 4.4 Air Magic
 - Level 2.8 Poison Magic


You had 8 spell levels left.
You knew the following spells:

 Your Spells              Type           Power      Damage    Failure   Level
a - Summon Small Mammal   Summ           100%       N/A       1%          1
b - Call Imp              Summ           56%        N/A       1%          2
c - Call Canine Familiar  Summ           56%        N/A       1%          3
d - Magic Dart            Conj           100%       1d8       2%          1
e - Mephitic Cloud        Conj/Pois/Air  27%        N/A       12%         3
f - Summon Ice Beast      Ice/Summ       39%        N/A       13%         4

Your spell library contained the following spells:

 Spells                   Type           Power      Damage    Failure   Level
 Static Discharge         Conj/Air       30%        3-7/arc   4%          2
 Summon Guardian Golem    Hex/Summ       33%        N/A       6%          3
 Summon Lightning Spire   Summ/Air       44%        N/A       9%          4
 Apportation              Tloc           14%        N/A       22%         1
 Conjure Flame            Conj/Fire      20%        6-21      22%         3
 Summon Cactus Giant      Summ           28%        N/A       30%         6
 Hailstorm                Conj/Ice       25%        3d7       38%         4
 Ignite Poison            Fire/Tmut/Pois 12%        N/A       41%         3
 Inner Flame              Hex/Fire       7%         N/A       54%         3
 Flame Wave               Conj/Fire      20%        2d7       56%         4
 Iskenderun's Mystic Bla  Conj/Tloc      20%        2d6       56%         4
 Sticky Flame             Conj/Fire      20%        2d4       56%         4
 Ice Form                 Ice/Tmut       13%        N/A       78%         4
 Cause Fear               Hex            3%         N/A       91%         4
 Leda's Liquefaction      Hex/Erth       3%         N/A       91%         4
 Alistair's Intoxication  Tmut/Pois      9%         N/A       97%         5
 Lee's Rapid Deconstruct  Erth           3%         3d6*      99%         5
 Simulacrum               Ice/Necr       6%         N/A       100%        6
 Statue Form              Tmut/Erth      4%         N/A       100%        6
 Orb of Destruction       Conj           16%        9d7       100%        7
 Discord                  Hex            3%         N/A       100%        8


Dungeon Overview and Level Annotations

Branches:
Dungeon (9/15)             Temple (1/1) D:5
   Lair: D:8-11         Orc: D:9-12

Altars:
Ashenzari
Cheibriados
Dithmenos
Fedhas
Gozag
Hepliaklqana
Kikubaaqudgha
Makhleb
Nemelex Xobeh
Okawaru
Qazlal
Ru
Sif Muna
Trog
Uskayaw
Vehumet
Wu Jian
Zin
The Shining One

Shops:
D:2 !

Annotations:
D:6 1 runed translucent door, wrenrar's ghost, novice MiFi
D:8 1 runed translucent door, mkat's ghost, novice DEMo
D:9 Amaemon


Innate Abilities, Weirdness & Mutations

You have a beak for a mouth.
You have claws for feet.
Your magical nature lets you fly swiftly and evasively.


Message History

The orc priest calls upon Beogh to heal the orc wizard.
The orc wizard's wounds heal themselves!
The wight hits you with a +0 dagger.
Your crimson imp blinks!
Your wolf bites the orc priest.
The orc priest dies!
Dithmenos accepts your kill.
You hear an angry buzzing noise.
Unknown command.
Unknown command.
Fire: z) +2 sling of the Breathing Gods {venom, +Blink Int+4}
Press: ? - help, Q - select action, (/) - cycle Shift-Dir - straight line, f/p - orc wizard
Aim: an orc wizard, wielding a +0 dagger and wearing a +0 robe (very poisoned, ally target, umbra, 56% to hit)
You shoot a sling bullet.
The sling bullet hits the orc wizard but does no damage.
The orc wizard looks as sick as possible!
You hear a shout!
Your quokka closely misses the orc wizard.
The wight barely misses you. x2
The orc wizard hits you but does no damage.
The wight hits you with a +0 dagger.
You feel drained.
Your quokka bites the orc wizard but does no damage.
The wight hits you from afar with a +4 halberd.
The orc wizard closely misses you. The wight hits you with a +0 dagger.
* * * LOW HITPOINT WARNING * * *
The wight hits you but does no damage.
The orc priest calls upon Beogh to heal the orc wizard.
The orc wizard is healed somewhat.
Okay, then.
Unknown command.
Unknown command.
Unknown command.
Your wolf bites the orc wizard!
The orc wizard dies!
Dithmenos accepts your kill.
Your quokka barely misses the wight.
Your wolf closely misses the wight.
The wight hits you from afar with a +4 halberd!
* * * LOW HITPOINT WARNING * * *
You feel drained.
You die...

.............#
.............##
...............
..5........(...
#............
......z....#
.##..zrh...###
...
..o...)@..)..#
.. .
.###..z###...#
. .. #... .<. #
... ..... .
#.... ...##..
... .. #.. ## .
#.. o# ...
o.o..


You could see 3 wights, an orc priest, a friendly wolf (summoned), a friendly
crimson imp (summoned) and a friendly quokka (summoned).

Vanquished Creatures
  An ogre (D:5)
  A kobold brigand (D:8)
  A bullfrog (D:7)
  A killer bee (D:8)
  A hound (D:6)
  An iguana (D:6)
  An adder (D:3)
  A worm (D:2)
  4 orcs
  3 bats
  3 endoplasms
  A giant cockroach (D:2)
  2 goblins (D:1)
  2 hobgoblins
  A quokka (D:2)
  2 ball pythons
  A frilled lizard (D:3)
  4 kobolds
  2 rats
33 creatures vanquished.

Vanquished Creatures (collateral kills)
  A cyclops (D:8)
  Maggie (D:6)
  2 kobold demonologists (D:7)
  An orange demon (D:9)
  A steam dragon (D:7)
  A water moccasin (D:4)
  An orc warrior (D:8)
  A black bear (D:6)
  2 ice beasts (D:7)
  A sky beast (D:6)
  2 ogres
  A centaur (D:8)
  A phantom (D:5)
  5 kobold brigands (D:7)
  A gnoll sergeant (D:8)
  2 bullfrogs
  2 scorpions
  7 wights
  6 killer bees
  2 hounds (D:6)
  3 jellies
  5 orc priests
  5 orc wizards
  4 gnolls (D:8)
  5 adders
  3 white imps
  An ufetubus (D:5)
  A worm (D:2)
  A dart slug (D:4)
  22 orcs
  8 endoplasms
  6 goblins
  3 hobgoblins
  11 kobolds
  2 quokkas
  4 ball pythons
  2 bats
  3 rats
130 creatures vanquished.

Grand Total: 163 creatures vanquished

Notes
Turn   | Place    | Note
-------+----------+-------------------------------------------
     0 | D:1      | BeingJoeMalik the Tengu Summoner began the quest for the
                  | Orb.
     0 | D:1      | Reached XP level 1. HP: 10/10 MP: 4/4
    52 | D:1      | Reached skill level 5 in Summonings
   372 | D:1      | Reached XP level 2. HP: 15/15 MP: 4/6
  1087 | D:2      | Learned a level 2 spell: Call Imp
  1101 | D:2      | Found a faded altar of an unknown god.
  1342 | D:2      | Reached XP level 3. HP: 19/19 MP: 5/7
  1371 | D:2      | You fall into a shaft and drop 2 floors!
  1374 | D:4      | Found a shadowy altar of Dithmenos.
  1389 | D:4      | Became a worshipper of Dithmenos the Shadowed
  1481 | D:3      | Reached skill level 6 in Summonings
  1936 | D:2      | Found Fuumecsa's Distillery.
  2392 | D:3      | Reached skill level 1 in Short Blades
  2392 | D:3      | Reached XP level 4. HP: 24/24 MP: 4/8
  2399 | D:3      | Learned a level 3 spell: Call Canine Familiar
  2894 | D:3      | Identified the +2 sling of the Breathing Gods {venom,
                  | +Blink Int+4}
  3556 | D:4      | Identified the +1 flail "Saffiarph" {vamp, rN+ Int-4 Dex+4
                  | Stlth+}
  3557 | D:4      | Noticed a water moccasin
  3773 | D:4      | Killed a water moccasin
  3774 | D:4      | Reached skill level 7 in Summonings
  3774 | D:4      | Gained mutation: Your magical nature lets you fly swiftly
                  | and evasively. [Tengu growth]
  3774 | D:4      | Reached XP level 5. HP: 28/28 MP: 9/9
  3776 | D:4      | Learned a level 1 spell: Magic Dart
  3798 | D:4      | Noticed an ogre
  3814 | D:4      | Killed an ogre
  3815 | D:4      | Reached skill level 8 in Summonings
  3815 | D:4      | Reached XP level 6. HP: 33/33 MP: 10/10
  3857 | D:4      | Found a hazy altar of Hepliaklqana.
  3969 | D:4      | Reached skill level 1 in Conjurations
  3980 | D:4      | Reached * piety under Dithmenos
  4158 | D:4      | Found a sacrificial altar of Ru.
  4239 | D:5      | Entered Level 5 of the Dungeon
  4468 | D:5      | Reached skill level 1 in Fighting
  4483 | D:5      | Reached XP level 7. HP: 36/38 MP: 12/12
  4487 | D:5      | Learned a level 3 spell: Mephitic Cloud
  4507 | D:5      | Found a staircase to the Ecumenical Temple.
  4519 | Temple   | Entered the Ecumenical Temple
  4884 | D:5      | Found a hide-covered altar of Uskayaw.
  5066 | D:5      | Found an iron altar of Okawaru.
  5344 | D:6      | Found a runed translucent door.
  5364 | D:6      | Reached skill level 1 in Ranged Weapons
  5440 | D:6      | Noticed Maggie
  5546 | D:2      | Bought a potion of heal wounds for 65 gold pieces
  5546 | D:2      | Bought a potion of curing for 39 gold pieces
  5546 | D:2      | Bought a potion of flight for 39 gold pieces
  5546 | D:2      | Bought a potion of haste for 130 gold pieces
  5638 | D:6      | Reached skill level 9 in Summonings
  5661 | D:7      | Reached XP level 8. HP: 45/45 MP: 14/14
  5849 | D:7      | Reached ** piety under Dithmenos
  5850 | D:7      | Reached skill level 1 in Air Magic
  5948 | D:7      | Reached skill level 1 in Poison Magic
  6268 | D:6      | Noticed wrenrar's ghost (novice MiFi)
  6314 | D:7      | Found a stormy altar of Qazlal.
  6363 | D:7      | Found a glowing silver altar of Zin.
  6363 | D:7      | Found an opulent altar of Gozag.
  6516 | D:7      | Noticed a kobold demonologist
  6551 | D:7      | Noticed a kobold demonologist
  6555 | D:7      | Killed a kobold demonologist
  6556 | D:7      | Reached skill level 5 in Spellcasting
  6556 | D:7      | Reached XP level 9. HP: 44/51 MP: 17/17
  6593 | D:7      | Killed a kobold demonologist
  6594 | D:7      | Reached skill level 10 in Summonings
  6769 | D:8      | Identified a scroll of acquirement
  6769 | D:8      | Acquired the Book of Attacks and the Comitatus
  6776 | D:8      | Learned a level 4 spell: Summon Ice Beast
  6856 | D:6      | Found a glowing golden altar of the Shining One.
  7506 | D:6      | Killed Maggie
  7507 | D:6      | Reached skill level 1 in Ice Magic
  7985 | D:8      | Found a bloodstained altar of Trog.
  7993 | D:8      | Found a sparkling altar of Nemelex Xobeh.
  7995 | D:8      | Identified the +0 barding of the Realm of Zot {Str+6}
  8064 | D:8      | Found a runed translucent door.
  8068 | D:8      | Noticed mkat's ghost (novice DEMo)
  8068 | D:8      | Noticed a tengu conjurer
  8169 | D:8      | Reached XP level 10. HP: 58/58 MP: 20/20
  8177 | D:8      | Reached *** piety under Dithmenos
  8184 | D:8      | Reached skill level 11 in Summonings
  8336 | D:8      | Reached skill level 1 in Armour
  8690 | D:8      | Found an ancient bone altar of Kikubaaqudgha.
  8691 | D:8      | Noticed a cyclops
  8712 | D:8      | Killed a cyclops
  8713 | D:8      | Reached skill level 5 in Conjurations
  8853 | D:9      | Noticed an orange demon
  8857 | D:9      | Noticed Amaemon
  8858 | D:9      | Killed an orange demon
  9385 | D:9      | HP: 2/57 [wight/+4 halberd (15)]
  9385 | D:9      | Slain by a wight

Illustrated notes

Levels and vault maps discovered:
D:1:      spicycebolla_green_bress_n_ham_2, layout_loops_ring,
          chequers_serial_rivers_large_b
D:2:      layout_basic, ebering_ecumenical_altar_abandoned, serial_shops,
          shop_statue
D:3:      layout_loops_corners, grunt_decor_arrowhead
D:4:      layout_rooms, kennysheep_little_box,
          mainiacjoe_overflow_cross_hatched, mainiacjoe_overflow_24_doors
D:5:      layout_basic, nicolae_uskayaw_murder_on_the_dancefloor,
          overflow_temple_1_default, minmay_temple_entry_junction
D:6:      layout_basic, lemuel_tele_altar, ebering_ghost_sewer_d,
          minmay_fractal_squares_5, uniq_maggie
D:7:      layout_rooms, grunt_temple_overflow_gold_and_silver,
          nicolae_overflow_hidden_temple
D:8:      layout_basic, nicolae_overflow_crystal_walls,
          mainiacjoe_overflow_catwalk_spiral, ebering_ghost_inner_flame
D:9:      layout_cave_pools, dpeg_oklobed_lair, david_orc_5, ebering_ghost_xom,
          uniq_amaemon
Temple:   hellmonk_temple_of_storms

Skill      XL: |  1  2  3  4  5  6  7  8  9 10 |
---------------+-------------------------------+-----
Summonings     | 5 6 7 8 9 10 11 | 11.3
Short Blades   | 1 2 |  2.1
Conjurations   | 2 3 4 5 |  5.3
Fighting       | 1 2 3 4 |  4.9
Spellcasting   | 3 5 6 |  6.7
Ranged Weapons | 2 3 4 |  4.1
Air Magic      | 3 4 |  4.4
Poison Magic   | 2 |  2.8
Ice Magic      | 1 2 |  2.4
Armour         | 2 |  2.0
Dodging        | |  2.1
Stealth        | |  2.0

Action                   |  1- 3 |  4- 6 |  7- 9 | 10-12 || total
-------------------------+-------+-------+-------+-------++-------
Melee: Unarmed           |    10 |       |       |       ||    10
       Kick              |    11 |     2 |       |       ||    13
       Peck              |     8 |       |       |       ||     8
       Short sword       |    26 |     9 |       |       ||    35
       Punch             |     1 |       |       |       ||     1
       Sling             |       |       |     1 |       ||     1
 Fire: Sling             |       |       |    39 |    25 ||    64
 Cast: Summon Small Mamm |    30 |    23 |    35 |    19 ||   107
       Call Imp          |     3 |    11 |    24 |     8 ||    46
       Call Canine Famil |       |     4 |    25 |    11 ||    40
       Magic Dart        |       |     7 |     1 |     2 ||    10
       Mephitic Cloud    |       |       |     1 |     3 ||     4
  Use: Scroll            |       |    15 |     6 |       ||    21
       Potion            |       |     2 |     3 |       ||     5
 Stab: Sleeping          |     2 |     2 |       |       ||     4
       Distracted        |       |     1 |       |       ||     1
Armor: Robe              |     7 |     2 |     2 |       ||    11
       Swamp dragon scal |       |       |     1 |    30 ||    31
Dodge: Dodged            |    16 |     9 |    14 |    63 ||   102
